Bruins vs Flyers

Created - October-19-13 at 10:52

Goals
1 2 3 T
Bruins 2 4 1 7
Flyers 0 0 1 1
Shots
1 2 3 T
Bruins 10 15 13 38
Flyers 6 4 9 19

1st period

1. Bruins , Brad Marchand 2 (David Krejci, Zdeno Chara) at 3:29
2. Bruins , Zdeno Chara 2 (Pierre-Alexandr Parenteau, Brad Marchand) at 5:40 (PP)

Penalties :
Luke Schenn (PHI) for High sticking (Minor) at 5:26, Kevin Bieksa (PHI) for Tripping (Minor) at 9:12

2nd period

3. Bruins , Pierre-Alexandr Parenteau 5 (Zdeno Chara, Brad Marchand) at 0:25
4. Bruins , Brad Marchand 3 (Pierre-Alexandr Parenteau, Patrice Bergeron) at 7:45 (PP)
5. Bruins , Christian Ehrhoff 4 (David Krejci) at 8:14 (PP)
6. Bruins , Loui Eriksson 3 (Johnny Boychuk) at 16:44

Penalties :
Carlo Colaiacovo (PHI) for Hooking (Minor) at 2:33, Gabriel Bourque (PHI) for Unsportsmanlike conduct (Major / Game Misconduct) at 6:45

3rd period

7. Bruins , Milan Lucic 1 (Dougie Hamilton, Cody Franson) at 1:06
8. Flyers , Kyle Brodziak 5 (Justin Williams, Mark Stuart) at 9:05

Penalties :
Dainius Zubrus (PHI) for Holding (Minor) at 5:03, Marc-Andre Bergeron (PHI) for Tripping (Minor) at 10:41, Mark Stuart (PHI) for Holding (Minor) at 16:34

Goalie Stats

Anton Khudobin (BOS), 18 saves from 19 shots - (0.947), W, 3-0-0, 60:00 minutes
Devan Dubnyk (PHI), 16 saves from 21 shots - (0.762), L, 6-4-0, 28:14 minutes
Nikolai Khabibulin (PHI), 15 saves from 17 shots - (0.882), 31:46 minutes

Players Stats for Bruins

Player Name              G  A  P  +/- PIM S  H  SB GA TA FO     MP     PP MP  PK MP  
------------------------------------------------------------------------------------
Brad Marchand            2  2  4   2  0   5  2  0  0  0  0/2    21:38   6:49   0:00 
Chris Kelly              0  0  0   0  0   0  1  0  0  0  3/4     4:36   0:00   0:00 
Christian Ehrhoff        1  0  1   0  0   2  0  2  0  0  0/0    23:34   7:45   0:00 
Cody Franson             0  1  1   1  0   0  1  1  0  0  0/0     9:38   0:07   0:00 
Daniel Paille            0  0  0   0  0   1  0  0  0  0  0/0     4:36   0:00   0:00 
David Krejci             0  2  2   2  0   2  2  0  0  0  10/27  22:56   8:07   0:00 
Dennis Seidenberg        0  0  0   0  0   0  1  1  0  0  0/0    15:49   0:00   0:00 
Dougie Hamilton          0  1  1   1  0   4  0  0  0  0  0/0    17:16   7:45   0:00 
Johnny Boychuk           0  1  1   2  0   0  0  0  0  0  0/0    17:03   0:00   0:00 
Josh Bailey              0  0  0   0  0   1  1  0  0  0  1/2    16:17   0:07   0:00 
Loui Eriksson            1  0  1   0  0   6  1  0  0  0  2/3    23:30   8:12   0:00 
Mikael Backlund          0  0  0   1  0   3  0  0  0  0  5/10   10:28   0:19   0:00 
Milan Lucic              1  0  1   1  0   1  4  0  0  0  0/2    10:49   0:00   0:00 
Patrice Bergeron         0  1  1   0  0   1  2  0  0  0  10/20  22:49   6:49   0:00 
Pierre-Alexandr Parentea 1  2  3   2  0   8  1  0  0  0  2/2    24:52   6:49   0:00 
Reilly Smith             0  0  0   1  0   0  0  0  0  0  1/1    17:29   8:12   0:00 
Torey Krug               0  0  0   0  0   0  0  0  0  0  0/0     9:45   7:16   0:00 
Zdeno Chara              1  2  3   2  0   4  2  0  0  0  0/0    26:55   7:23   0:00 

Players Stats for Flyers

Player Name              G  A  P  +/- PIM S  H  SB GA TA FO     MP     PP MP  PK MP  
------------------------------------------------------------------------------------
Antti Miettinen          0  0  0  -2  0   1  0  0  0  0  0/0    10:07   0:00   1:21 
Carlo Colaiacovo         0  0  0   0  2   0  1  2  0  0  0/0    13:29   0:00   2:33 
Dainius Zubrus           0  0  0  -1  2   5  0  0  0  0  0/0    11:49   0:00   3:36 
David Steckel            0  0  0  -1  0   0  0  0  0  0  5/12    8:14   0:00   0:00 
Eric Belanger            0  0  0  -2  0   0  0  1  0  0  13/24  14:04   0:00   9:56 
Gabriel Bourque          0  0  0   0  15  1  0  0  0  0  1/1     8:08   0:00   0:00 
Jack Skille              0  0  0  -1  0   1  2  0  0  0  0/1     8:14   0:00   0:00 
Jean-Gabriel Pageau      0  0  0   0  0   1  0  0  0  0  10/15  18:28   0:00   0:47 
Joni Pitkanen            0  0  0  -3  0   0  0  3  0  0  0/0    25:36   0:00   7:34 
Justin Williams          0  1  1   0  0   3  0  0  0  0  0/0    19:43   0:00   0:00 
Kevin Bieksa             0  0  0  -3  2   0  2  0  0  0  0/0    23:23   0:00   5:22 
Kyle Brodziak            1  0  1   0  0   1  0  0  0  0  10/18  19:14   0:00   4:25 
Kyle Okposo              0  0  0   0  0   1  1  1  0  0  0/0    17:41   0:00   0:00 
Luke Schenn              0  0  0   0  2   2  1  0  0  0  0/0    23:13   0:00   7:21 
Marc-Andre Bergeron      0  0  0   0  2   0  1  1  0  0  0/0    11:01   0:00   0:05 
Mark Stuart              0  1  1   0  2   0  4  1  0  0  0/0    23:13   0:00   7:21 
Nikolai Kulemin          0  0  0   0  0   3  0  0  0  0  0/1    14:49   0:00   0:00 
R.J. Umberger            0  0  0  -2  0   0  1  0  0  0  0/1    14:19   0:00  10:11 

3 Stars

1 - Brad Marchand (BOS)
2 - Zdeno Chara (BOS)
3 - Pierre-Alexandr Parenteau (BOS)

Power Play

Bruins - 3 on 7 Attempt(s) - 42.86%
Flyers - 0 on 0 Attempt(s) - 0.00%

Penalty Kill

Bruins - 0 on 0 Attempt(s) - 0.00% - Score 0 goal in Penalty Kill
Flyers - 4 on 7 Attempt(s) - 57.14% - Score 0 goal in Penalty Kill

Official

Referees : Mike Leggo and Gord Dwyer
Linesman : Brian Mach and Scott Cherrey

Game Notes

Gabriel Bourque ejected from game at 6:45 of 2nd period
Nikolai Khabibulin enters game at 8:14 of 2nd period

Finance

Level 1 -- Attendance: 5722 (88.03%) -- Ticket Income $600,810
Level 2 -- Attendance: 4404 (88.08%) -- Ticket Income $308,280
Level 3 -- Attendance: 3500 (100.00%) -- Ticket Income $171,500
Level 4 -- Attendance: 2758 (77.98%) -- Ticket Income $68,950
Luxury Box -- Attendance: 951 (95.10%) -- Ticket Income $218,730
Game was played at the Wells Fargo Center
Total Attendance: 17335 (88.73%)
Total Ticket Income: $1,368,270
Other Income: $205,240
Total Income: $1,573,510


% Time on Ice - Bruins

Lines # - Real PCT - Wanted PCT - Time Play
Normal Forward
1 - 33% - 40% - 14:49
2 - 34% - 30% - 15:18
3 - 23% - 20% - 10:09
4 - 10% - 10% - 4:36
Normal Defense
1 - 38% - 40% - 17:03
2 - 35% - 30% - 15:49
3 - 21% - 20% - 9:31
4 - 6% - 10% - 2:29
PP Forward
1 - 55% - 60% - 8:19
2 - 45% - 40% - 6:49
PP Defense
1 - 49% - 60% - 7:23
2 - 51% - 40% - 7:45
PK Forward
1 - 0% - 60%
2 - 0% - 40%
PK Defense
1 - 0% - 60%
2 - 0% - 40%
PK3 Forward
1 - 0% - 60%
2 - 0% - 40%
PK3 Defense
1 - 0% - 60%
2 - 0% - 40%
44 Forward
1 - 0% - 60%
2 - 0% - 40%
44 Defense
1 - 0% - 60%
2 - 0% - 40%
Last Minute Offensive  - 0:00
Last Minute Defensive  - 0:00
Total
Forward - 60:00
Defense - 60:00

% Time on Ice - Flyers

Lines # - Real PCT - Wanted PCT - Time Play
Normal Forward
1 - 33% - 40% - 14:49
2 - 39% - 40% - 17:41
3 - 18% - 10% - 8:14
4 - 9% - 10% - 4:08
Normal Defense
1 - 40% - 50% - 18:02
2 - 35% - 45% - 15:53
3 - 24% - 5% - 10:57
4 - 0% - 0% - 0:00
PP Forward
1 - 0% - 60%
2 - 0% - 40%
PP Defense
1 - 0% - 60%
2 - 0% - 40%
PK Forward
1 - 71% - 60% - 10:43
2 - 29% - 40% - 4:25
PK Defense
1 - 44% - 60% - 6:43
2 - 56% - 40% - 8:25
PK3 Forward
1 - 0% - 60%
2 - 0% - 40%
PK3 Defense
1 - 0% - 60%
2 - 0% - 40%
44 Forward
1 - 0% - 60%
2 - 0% - 40%
44 Defense
1 - 0% - 60%
2 - 0% - 40%
Last Minute Offensive  - 0:00
Last Minute Defensive  - 0:00
Total
Forward - 60:00
Defense - 60:00

Play by Play

1st period


0:01 of 1st period - David Krejci wins face-off versus Kyle Brodziak in neutral zone.
0:26 of 1st period - Shot by Nikolai Kulemin.
0:26 of 1st period - Stopped by Anton Khudobin with a rebound.
1:21 of 1st period - Loui Eriksson is hit by Mark Stuart and loses puck.
1:52 of 1st period - Shot by Milan Lucic.
1:52 of 1st period - Shot Misses the Net.
1:54 of 1st period - Shot by Mikael Backlund.
1:54 of 1st period - Stopped by Devan Dubnyk with a rebound.
2:35 of 1st period - Pierre-Alexandr Parenteau is hit by Mark Stuart and loses puck.
2:42 of 1st period - Shot by Daniel Paille.
2:42 of 1st period - Stopped by Devan Dubnyk without a rebound.
2:43 of 1st period - David Steckel wins face-off versus David Krejci in Flyers zone.
2:56 of 1st period - Shot by Jack Skille.
2:56 of 1st period - Shot Hit the Post.
3:13 of 1st period - Icing by Brad Marchand.
3:14 of 1st period - David Krejci wins face-off versus Eric Belanger in Bruins zone.
3:29 of 1st period - Shot by David Krejci.
3:29 of 1st period - Deflect By Brad Marchand.
3:29 of 1st period - Goal by Brad Marchand - Bruins : 1 - Flyers : 0.
3:30 of 1st period - Patrice Bergeron wins face-off versus Kyle Brodziak in neutral zone.
4:14 of 1st period - Loui Eriksson is hit by Kevin Bieksa and loses puck.
5:25 of 1st period - Zdeno Chara is hit by Luke Schenn and loses puck.
5:26 of 1st period - Minor Penalty to Luke Schenn for High sticking.
5:27 of 1st period - Patrice Bergeron wins face-off versus R.J. Umberger in Flyers zone.
5:27 of 1st period - Patrice Bergeron is hit by Mark Stuart.
5:38 of 1st period - Shot by Pierre-Alexandr Parenteau.
5:38 of 1st period - Shot Misses the Net.
5:40 of 1st period - Shot by Zdeno Chara.
5:40 of 1st period - Goal by Zdeno Chara - Bruins : 2 - Flyers : 0.
5:41 of 1st period - Chris Kelly wins face-off versus Jean-Gabriel Pageau in neutral zone.
5:43 of 1st period - Off-side.
5:44 of 1st period - Gabriel Bourque wins face-off versus David Krejci in neutral zone.
6:15 of 1st period - Shot by Brad Marchand.
6:15 of 1st period - Shot Misses the Net.
6:37 of 1st period - Kyle Okposo is hit by Brad Marchand and loses puck.
7:13 of 1st period - Icing by Dougie Hamilton.
7:14 of 1st period - Pierre-Alexandr Parenteau wins face-off versus David Steckel in Bruins zone.
7:42 of 1st period - Icing by Marc-Andre Bergeron.
7:43 of 1st period - Mikael Backlund wins face-off versus Jack Skille in Flyers zone.
7:54 of 1st period - Shot by Jack Skille.
7:54 of 1st period - Shot Misses the Net.
8:00 of 1st period - Shot by David Steckel.
8:00 of 1st period - Shot Misses the Net.
8:02 of 1st period - Shot by Dainius Zubrus.
8:02 of 1st period - Stopped by Anton Khudobin without a rebound.
8:03 of 1st period - Kyle Brodziak wins face-off versus Patrice Bergeron in Bruins zone.
8:04 of 1st period - Shot by Justin Williams.
8:04 of 1st period - Shot Misses the Net.
9:10 of 1st period - Joni Pitkanen is hit by Milan Lucic and loses puck.
9:12 of 1st period - Minor Penalty to Kevin Bieksa for Tripping.
9:13 of 1st period - Eric Belanger wins face-off versus David Krejci in Flyers zone.
9:13 of 1st period - Eric Belanger is hit by David Krejci.
9:27 of 1st period - Eric Belanger is hit by David Krejci and loses puck.
9:37 of 1st period - Icing by Dougie Hamilton.
9:38 of 1st period - Eric Belanger wins face-off versus David Krejci in Bruins zone.
10:17 of 1st period - Shot by Zdeno Chara.
10:17 of 1st period - Stopped by Devan Dubnyk without a rebound.
10:18 of 1st period - Eric Belanger wins face-off versus Patrice Bergeron in Flyers zone.
10:27 of 1st period - Shot by Zdeno Chara.
10:27 of 1st period - Shot Blocked by Eric Belanger.
11:07 of 1st period - Shot by Loui Eriksson.
11:07 of 1st period - Stopped by Devan Dubnyk without a rebound.
11:08 of 1st period - Kyle Brodziak wins face-off versus David Krejci in Flyers zone.
11:19 of 1st period - Jean-Gabriel Pageau is hit by Milan Lucic and loses puck.
11:40 of 1st period - Shot by Milan Lucic.
11:40 of 1st period - Shot Blocked by Kyle Okposo.
11:42 of 1st period - Shot by Christian Ehrhoff.
11:42 of 1st period - Shot Misses the Net.
12:10 of 1st period - Pierre-Alexandr Parenteau is hit by Marc-Andre Bergeron and loses puck.
12:19 of 1st period - Shot by Pierre-Alexandr Parenteau.
12:19 of 1st period - Stopped by Devan Dubnyk without a rebound.
12:20 of 1st period - Patrice Bergeron wins face-off versus Kyle Brodziak in Flyers zone.
12:28 of 1st period - Icing by Dougie Hamilton.
12:29 of 1st period - Kyle Brodziak wins face-off versus Patrice Bergeron in Bruins zone.
12:32 of 1st period - Shot by Justin Williams.
12:32 of 1st period - Shot Blocked by Cody Franson.
13:51 of 1st period - Shot by David Krejci.
13:51 of 1st period - Stopped by Devan Dubnyk without a rebound.
13:52 of 1st period - Eric Belanger wins face-off versus Mikael Backlund in Flyers zone.
13:54 of 1st period - Icing by Mark Stuart.
13:55 of 1st period - Eric Belanger wins face-off versus Mikael Backlund in Flyers zone.
14:09 of 1st period - Shot by Mikael Backlund.
14:09 of 1st period - Stopped by Devan Dubnyk with a rebound.
14:18 of 1st period - Shot by Eric Belanger.
14:18 of 1st period - Shot Blocked by Dennis Seidenberg.
14:20 of 1st period - Shot by Luke Schenn.
14:20 of 1st period - Stopped by Anton Khudobin without a rebound.
14:21 of 1st period - Jean-Gabriel Pageau wins face-off versus David Krejci in Bruins zone.
14:33 of 1st period - Shot by Kyle Okposo.
14:33 of 1st period - Stopped by Anton Khudobin with a rebound.
14:35 of 1st period - Shot by Jean-Gabriel Pageau.
14:35 of 1st period - Deflect By Gabriel Bourque.
14:35 of 1st period - Stopped by Anton Khudobin without a rebound.
14:36 of 1st period - David Steckel wins face-off versus Loui Eriksson in Bruins zone.
14:39 of 1st period - Shot by Jack Skille.
14:39 of 1st period - Stopped by Anton Khudobin with a rebound.
15:06 of 1st period - Shot by Loui Eriksson.
15:06 of 1st period - Shot Misses the Net.
15:57 of 1st period - Shot by Pierre-Alexandr Parenteau.
15:57 of 1st period - Shot Hit the Post.
16:03 of 1st period - Gabriel Bourque is hit by Brad Marchand and loses puck.
16:35 of 1st period - Icing by Zdeno Chara.
16:36 of 1st period - Eric Belanger wins face-off versus David Krejci in Bruins zone.
16:36 of 1st period - Eric Belanger is hit by Zdeno Chara.
17:51 of 1st period - Shot by Loui Eriksson.
17:51 of 1st period - Stopped by Devan Dubnyk without a rebound.
17:52 of 1st period - Jean-Gabriel Pageau wins face-off versus Josh Bailey in Flyers zone.
19:11 of 1st period - Shot by Brad Marchand.
19:11 of 1st period - Shot Misses the Net.

2nd period


0:01 of 2nd period - Kyle Brodziak wins face-off versus David Krejci in neutral zone.
0:23 of 2nd period - Shot by Zdeno Chara.
0:23 of 2nd period - Shot Misses the Net.
0:25 of 2nd period - Shot by Pierre-Alexandr Parenteau.
0:25 of 2nd period - Goal by Pierre-Alexandr Parenteau - Bruins : 3 - Flyers : 0.
0:26 of 2nd period - Jean-Gabriel Pageau wins face-off versus Patrice Bergeron in neutral zone.
1:22 of 2nd period - Icing by Kyle Okposo.
1:23 of 2nd period - Jean-Gabriel Pageau wins face-off versus David Krejci in Flyers zone.
1:52 of 2nd period - Shot by Brad Marchand.
1:52 of 2nd period - Shot Blocked by Joni Pitkanen.
2:33 of 2nd period - Minor Penalty to Carlo Colaiacovo for Hooking.
2:34 of 2nd period - Eric Belanger wins face-off versus David Krejci in Flyers zone.
3:32 of 2nd period - Shot by Pierre-Alexandr Parenteau.
3:32 of 2nd period - Stopped by Devan Dubnyk with a rebound.
3:34 of 2nd period - Shot by Patrice Bergeron.
3:34 of 2nd period - Shot Misses the Net.
3:36 of 2nd period - Shot by Brad Marchand.
3:36 of 2nd period - Shot Misses the Net.
3:38 of 2nd period - Shot by Patrice Bergeron.
3:38 of 2nd period - Shot Blocked by Joni Pitkanen.
3:56 of 2nd period - Shot by Mikael Backlund.
3:56 of 2nd period - Shot Misses the Net.
4:00 of 2nd period - Shot by Dougie Hamilton.
4:00 of 2nd period - Stopped by Devan Dubnyk without a rebound.
4:01 of 2nd period - Loui Eriksson wins face-off versus Eric Belanger in Flyers zone.
4:40 of 2nd period - Shot by Pierre-Alexandr Parenteau.
4:40 of 2nd period - Stopped by Devan Dubnyk without a rebound.
4:41 of 2nd period - Jean-Gabriel Pageau wins face-off versus Chris Kelly in Flyers zone.
4:55 of 2nd period - Off-side.
4:56 of 2nd period - Patrice Bergeron wins face-off versus David Steckel in neutral zone.
5:10 of 2nd period - Shot by David Steckel.
5:10 of 2nd period - Shot Misses the Net.
5:13 of 2nd period - Icing by Christian Ehrhoff.
5:14 of 2nd period - Patrice Bergeron wins face-off versus Nikolai Kulemin in Bruins zone.
5:23 of 2nd period - Justin Williams is hit by Patrice Bergeron and loses puck.
5:28 of 2nd period - Shot by Loui Eriksson.
5:28 of 2nd period - Shot Blocked by Carlo Colaiacovo.
5:30 of 2nd period - Shot by Patrice Bergeron.
5:30 of 2nd period - Stopped by Devan Dubnyk without a rebound.
5:31 of 2nd period - Chris Kelly wins face-off versus Jean-Gabriel Pageau in Flyers zone.
5:36 of 2nd period - Shot by Pierre-Alexandr Parenteau.
5:36 of 2nd period - Stopped by Devan Dubnyk without a rebound.
5:37 of 2nd period - Kyle Brodziak wins face-off versus David Krejci in Flyers zone.
5:37 of 2nd period - Kyle Brodziak is hit by Pierre-Alexandr Parenteau.
5:57 of 2nd period - Icing by Joni Pitkanen.
5:58 of 2nd period - Kyle Brodziak wins face-off versus Mikael Backlund in Flyers zone.
6:05 of 2nd period - Shot by Justin Williams.
6:05 of 2nd period - Shot Misses the Net.
6:21 of 2nd period - Shot by Justin Williams.
6:21 of 2nd period - Stopped by Anton Khudobin without a rebound.
6:22 of 2nd period - Jean-Gabriel Pageau wins face-off versus Brad Marchand in Bruins zone.
6:37 of 2nd period - Shot by Pierre-Alexandr Parenteau.
6:37 of 2nd period - Shot Misses the Net.
6:45 of 2nd period - Major / Game Misconduct Penalty to Gabriel Bourque for Unsportsmanlike conduct.
6:45 of 2nd period - Gabriel Bourque is ejected from game.
6:46 of 2nd period - Eric Belanger wins face-off versus David Krejci in Flyers zone.
7:07 of 2nd period - Shot by Dougie Hamilton.
7:07 of 2nd period - Stopped by Devan Dubnyk with a rebound.
7:09 of 2nd period - Shot by Christian Ehrhoff.
7:09 of 2nd period - Shot Hit the Post.
7:11 of 2nd period - Shot by Reilly Smith.
7:11 of 2nd period - Shot Misses the Net.
7:13 of 2nd period - Shot by Dougie Hamilton.
7:13 of 2nd period - Stopped by Devan Dubnyk without a rebound.
7:14 of 2nd period - Patrice Bergeron wins face-off versus Eric Belanger in Flyers zone.
7:17 of 2nd period - Shot by Pierre-Alexandr Parenteau.
7:17 of 2nd period - Stopped by Devan Dubnyk without a rebound.
7:18 of 2nd period - Eric Belanger wins face-off versus Brad Marchand in Flyers zone.
7:33 of 2nd period - Icing by Torey Krug.
7:34 of 2nd period - Patrice Bergeron wins face-off versus Eric Belanger in Bruins zone.
7:43 of 2nd period - Shot by Pierre-Alexandr Parenteau.
7:43 of 2nd period - Shot Misses the Net.
7:45 of 2nd period - Shot by Brad Marchand.
7:45 of 2nd period - Goal by Brad Marchand - Bruins : 4 - Flyers : 0.
7:46 of 2nd period - Eric Belanger wins face-off versus David Krejci in neutral zone.
8:06 of 2nd period - Icing by David Krejci.
8:07 of 2nd period - David Krejci wins face-off versus Eric Belanger in Bruins zone.
8:14 of 2nd period - Shot by Christian Ehrhoff.
8:14 of 2nd period - Goal by Christian Ehrhoff - Bruins : 5 - Flyers : 0.
8:14 of 2nd period - Nikolai Khabibulin enters game.
8:15 of 2nd period - Pierre-Alexandr Parenteau wins face-off versus Eric Belanger in neutral zone.
8:15 of 2nd period - Brad Marchand is hit by R.J. Umberger and loses puck.
8:23 of 2nd period - Brad Marchand is hit by Kevin Bieksa and loses puck.
8:54 of 2nd period - Shot by Patrice Bergeron.
8:54 of 2nd period - Shot Misses the Net.
9:44 of 2nd period - Shot by Christian Ehrhoff.
9:44 of 2nd period - Stopped by Nikolai Khabibulin with a rebound.
10:38 of 2nd period - Shot by David Krejci.
10:38 of 2nd period - Stopped by Nikolai Khabibulin without a rebound.
10:39 of 2nd period - David Krejci wins face-off versus Kyle Brodziak in Flyers zone.
11:51 of 2nd period - Shot by Pierre-Alexandr Parenteau.
11:51 of 2nd period - Shot Blocked by Marc-Andre Bergeron.
13:22 of 2nd period - Joni Pitkanen is hit by Chris Kelly and loses puck.
13:37 of 2nd period - Chris Kelly is hit by Jack Skille and loses puck.
14:40 of 2nd period - Off-side.
14:41 of 2nd period - Mikael Backlund wins face-off versus Eric Belanger in neutral zone.
14:50 of 2nd period - Shot by Carlo Colaiacovo.
14:50 of 2nd period - Shot Misses the Net.
14:52 of 2nd period - Shot by Antti Miettinen.
14:52 of 2nd period - Stopped by Anton Khudobin without a rebound.
14:53 of 2nd period - Kyle Brodziak wins face-off versus Patrice Bergeron in Bruins zone.
15:02 of 2nd period - Luke Schenn is hit by Patrice Bergeron.
15:14 of 2nd period - Shot by Luke Schenn.
15:14 of 2nd period - Stopped by Anton Khudobin without a rebound.
15:15 of 2nd period - Jean-Gabriel Pageau wins face-off versus Mikael Backlund in Bruins zone.
16:44 of 2nd period - Shot by Loui Eriksson.
16:44 of 2nd period - Goal by Loui Eriksson - Bruins : 6 - Flyers : 0.
16:45 of 2nd period - Kyle Brodziak wins face-off versus David Krejci in neutral zone.
16:48 of 2nd period - Shot by Justin Williams.
16:48 of 2nd period - Shot Misses the Net.
18:09 of 2nd period - Shot by Loui Eriksson.
18:09 of 2nd period - Stopped by Nikolai Khabibulin with a rebound.
18:54 of 2nd period - Shot by Dainius Zubrus.
18:54 of 2nd period - Stopped by Anton Khudobin without a rebound.
18:55 of 2nd period - David Krejci wins face-off versus Kyle Brodziak in Bruins zone.
19:15 of 2nd period - Shot by Justin Williams.
19:15 of 2nd period - Shot Misses the Net.
19:40 of 2nd period - Icing by Christian Ehrhoff.
19:41 of 2nd period - David Steckel wins face-off versus David Krejci in Bruins zone.

3rd period


0:01 of 3rd period - David Krejci wins face-off versus Jean-Gabriel Pageau in neutral zone.
0:01 of 3rd period - Zdeno Chara is hit by Kyle Okposo and loses puck.
0:34 of 3rd period - Shot by Pierre-Alexandr Parenteau.
0:34 of 3rd period - Stopped by Nikolai Khabibulin without a rebound.
0:35 of 3rd period - Eric Belanger wins face-off versus Patrice Bergeron in Flyers zone.
0:48 of 3rd period - Shot by Loui Eriksson.
0:48 of 3rd period - Shot Misses the Net.
0:50 of 3rd period - Shot by Loui Eriksson.
0:50 of 3rd period - Stopped by Nikolai Khabibulin with a rebound.
0:52 of 3rd period - Shot by Patrice Bergeron.
0:52 of 3rd period - Shot Blocked by Mark Stuart.
0:54 of 3rd period - Shot by Patrice Bergeron.
0:54 of 3rd period - Deflect By Loui Eriksson.
0:54 of 3rd period - Stopped by Nikolai Khabibulin without a rebound.
0:55 of 3rd period - Mikael Backlund wins face-off versus David Steckel in Flyers zone.
1:06 of 3rd period - Shot by Milan Lucic.
1:06 of 3rd period - Goal by Milan Lucic - Bruins : 7 - Flyers : 0.
1:07 of 3rd period - Kyle Brodziak wins face-off versus David Krejci in neutral zone.
1:41 of 3rd period - Shot by Pierre-Alexandr Parenteau.
1:41 of 3rd period - Stopped by Nikolai Khabibulin with a rebound.
2:28 of 3rd period - Icing by Josh Bailey.
2:29 of 3rd period - Patrice Bergeron wins face-off versus David Steckel in Bruins zone.
2:34 of 3rd period - Shot by Josh Bailey.
2:34 of 3rd period - Stopped by Nikolai Khabibulin without a rebound.
2:35 of 3rd period - Mikael Backlund wins face-off versus Jean-Gabriel Pageau in Flyers zone.
3:04 of 3rd period - Shot by Milan Lucic.
3:04 of 3rd period - Deflect By Mikael Backlund.
3:04 of 3rd period - Stopped by Nikolai Khabibulin without a rebound.
3:05 of 3rd period - David Krejci wins face-off versus David Steckel in Flyers zone.
3:28 of 3rd period - Shot by Dainius Zubrus.
3:28 of 3rd period - Stopped by Anton Khudobin without a rebound.
3:29 of 3rd period - Patrice Bergeron wins face-off versus Kyle Brodziak in Bruins zone.
3:49 of 3rd period - Shot by Justin Williams.
3:49 of 3rd period - Deflect By Nikolai Kulemin.
3:49 of 3rd period - Stopped by Anton Khudobin with a rebound.
3:51 of 3rd period - Shot by Nikolai Kulemin.
3:51 of 3rd period - Stopped by Anton Khudobin with a rebound.
4:10 of 3rd period - Shot by Justin Williams.
4:10 of 3rd period - Shot Misses the Net.
5:03 of 3rd period - Minor Penalty to Dainius Zubrus for Holding.
5:04 of 3rd period - Loui Eriksson wins face-off versus Eric Belanger in Flyers zone.
5:23 of 3rd period - Shot by Zdeno Chara.
5:23 of 3rd period - Stopped by Nikolai Khabibulin without a rebound.
5:24 of 3rd period - Eric Belanger wins face-off versus Patrice Bergeron in Flyers zone.
5:41 of 3rd period - Shot by Dougie Hamilton.
5:41 of 3rd period - Stopped by Nikolai Khabibulin without a rebound.
5:42 of 3rd period - Reilly Smith wins face-off versus Eric Belanger in Flyers zone.
5:57 of 3rd period - Shot by Torey Krug.
5:57 of 3rd period - Shot Misses the Net.
6:34 of 3rd period - Shot by Brad Marchand.
6:34 of 3rd period - Deflect By Patrice Bergeron.
6:34 of 3rd period - Shot Hit the Post.
7:08 of 3rd period - Icing by Justin Williams.
7:09 of 3rd period - Jean-Gabriel Pageau wins face-off versus Milan Lucic in Flyers zone.
7:29 of 3rd period - Shot by Carlo Colaiacovo.
7:29 of 3rd period - Shot Misses the Net.
7:31 of 3rd period - Shot by Jean-Gabriel Pageau.
7:31 of 3rd period - Shot Misses the Net.
7:33 of 3rd period - Shot by Kyle Okposo.
7:33 of 3rd period - Deflect By Justin Williams.
7:33 of 3rd period - Stopped by Anton Khudobin without a rebound.
7:34 of 3rd period - Chris Kelly wins face-off versus David Steckel in Bruins zone.
8:01 of 3rd period - Shot by David Steckel.
8:01 of 3rd period - Shot Blocked by Christian Ehrhoff.
8:03 of 3rd period - Shot by Dainius Zubrus.
8:03 of 3rd period - Shot Misses the Net.
8:07 of 3rd period - Shot by Jack Skille.
8:07 of 3rd period - Shot Blocked by Christian Ehrhoff.
8:37 of 3rd period - Icing by Luke Schenn.
8:38 of 3rd period - Josh Bailey wins face-off versus Kyle Brodziak in Flyers zone.
9:05 of 3rd period - Shot by Kyle Brodziak.
9:05 of 3rd period - Goal by Kyle Brodziak - Bruins : 7 - Flyers : 1.
9:06 of 3rd period - Mikael Backlund wins face-off versus Jean-Gabriel Pageau in neutral zone.
10:34 of 3rd period - Shot by Patrice Bergeron.
10:34 of 3rd period - Deflect By Josh Bailey.
10:34 of 3rd period - Shot Misses the Net.
10:36 of 3rd period - Shot by Zdeno Chara.
10:36 of 3rd period - Stopped by Nikolai Khabibulin without a rebound.
10:37 of 3rd period - David Krejci wins face-off versus David Steckel in Flyers zone.
10:41 of 3rd period - Minor Penalty to Marc-Andre Bergeron for Tripping.
10:42 of 3rd period - Patrice Bergeron wins face-off versus Eric Belanger in Flyers zone.
10:42 of 3rd period - Patrice Bergeron is hit by Mark Stuart.
10:44 of 3rd period - Shot by Zdeno Chara.
10:44 of 3rd period - Deflect By Brad Marchand.
10:44 of 3rd period - Stopped by Nikolai Khabibulin without a rebound.
10:45 of 3rd period - Eric Belanger wins face-off versus David Krejci in Flyers zone.
11:34 of 3rd period - Shot by Christian Ehrhoff.
11:34 of 3rd period - Shot Misses the Net.
13:09 of 3rd period - Pierre-Alexandr Parenteau is hit by Carlo Colaiacovo and loses puck.
13:20 of 3rd period - Shot by Jean-Gabriel Pageau.
13:20 of 3rd period - Stopped by Anton Khudobin with a rebound.
13:29 of 3rd period - Icing by Mikael Backlund.
13:30 of 3rd period - David Steckel wins face-off versus Milan Lucic in Bruins zone.
13:30 of 3rd period - David Steckel is hit by Zdeno Chara.
13:46 of 3rd period - Shot by Dainius Zubrus.
13:46 of 3rd period - Stopped by Anton Khudobin without a rebound.
13:47 of 3rd period - Kyle Brodziak wins face-off versus Patrice Bergeron in Bruins zone.
14:31 of 3rd period - Icing by Dougie Hamilton.
14:32 of 3rd period - Jean-Gabriel Pageau wins face-off versus Patrice Bergeron in Bruins zone.
14:32 of 3rd period - Kyle Okposo is hit by Cody Franson and loses puck.
15:09 of 3rd period - Shot by Zdeno Chara.
15:09 of 3rd period - Shot Blocked by Carlo Colaiacovo.
15:11 of 3rd period - Shot by Brad Marchand.
15:11 of 3rd period - Stopped by Nikolai Khabibulin without a rebound.
15:12 of 3rd period - David Steckel wins face-off versus Mikael Backlund in Flyers zone.
15:12 of 3rd period - David Steckel is hit by Milan Lucic.
15:17 of 3rd period - Mark Stuart is hit by Milan Lucic and loses puck.
15:36 of 3rd period - Milan Lucic is hit by Jack Skille and loses puck.
15:43 of 3rd period - Shot by Dainius Zubrus.
15:43 of 3rd period - Stopped by Anton Khudobin without a rebound.
15:44 of 3rd period - David Krejci wins face-off versus Kyle Brodziak in Bruins zone.
16:07 of 3rd period - Shot by Brad Marchand.
16:07 of 3rd period - Stopped by Nikolai Khabibulin without a rebound.
16:08 of 3rd period - Jean-Gabriel Pageau wins face-off versus Patrice Bergeron in Flyers zone.
16:08 of 3rd period - Jean-Gabriel Pageau is hit by Josh Bailey.
16:21 of 3rd period - Jean-Gabriel Pageau is hit by Dennis Seidenberg and loses puck.
16:34 of 3rd period - Minor Penalty to Mark Stuart for Holding.
16:35 of 3rd period - David Krejci wins face-off versus Eric Belanger in Flyers zone.
18:16 of 3rd period - Shot by Brad Marchand.
18:16 of 3rd period - Shot Hit the Post.
18:18 of 3rd period - Shot by Pierre-Alexandr Parenteau.
18:18 of 3rd period - Shot Blocked by Joni Pitkanen.
18:52 of 3rd period - Shot by Justin Williams.
18:52 of 3rd period - Stopped by Anton Khudobin with a rebound.
19:44 of 3rd period - Kyle Okposo is hit by Loui Eriksson.


Output by the SimonT Hockey Simulator (STHS) for Stephane Roy -- Original Page W3C XHTML 1.0 Valid
Hockey Simulator - Hockey Simulation - Hockey Manager